 Dungeon Crawl Stone Soup version 0.30-a0-223-gcb0039aa0c (webtiles) character file.

Game seed: 323724381343885401

112 qw the Chopper (level 4, -5/28 HPs)
             Began as a Gargoyle Fighter on Oct 9, 2022.
             Slain by an ogre
             ... wielding a +0 giant club
              (10 damage)
             ... on level 4 of the Dungeon.
             The game lasted 00:01:08 (2629 turns).

qw the Chopper (Gargoyle Fighter)                   Turns: 2629, Time: 00:01:08

Health: -5/28      AC: 12    Str: 21    XL:     4   Next: 93%
Magic:  4/4        EV:  7    Int:  9    God:
Gold:   143        SH:  4    Dex:  9    Spells: 3/3 levels left

rFire   . . .      SeeInvis .    Y - +1 war axe
rCold   . . .      Faith    .    c - +0 buckler
rNeg    + . .      Spirit   .    n - +0 chain mail
rPois   inf        Reflect  .    (no helmet)
rElec   +          Harm     .    (no cloak)
rCorr   .          Rampage  .    (no gloves)
Will    .....                    (no boots)
Stlth   ..........               (no amulet)
HPRegen 0.24/turn                (no ring)
MPRegen 0.09/turn                (no ring)

@: no status effects
A: sickness immunity, AC +3, negative energy resistance 1, electricity
resistance, torment resistance 1, petrification resistance
a: no special abilities


You were on level 4 of the Dungeon.
You visited 1 branch of the dungeon, and saw 4 of its levels.

You collected 143 gold pieces.


Innate Abilities, Weirdness & Mutations

You are immune to sickness and miasma.
Your stone body is resilient. (AC +3)
You are immune to poison.
You resist negative energy. (rN+)
You are resistant to electric shocks. (rElec)
You are resistant to unholy torment.
You are immune to petrification.


   Skills:
 - Level 3.2 Fighting
 + Level 4.5 Axes
 - Level 3.2 Armour
 - Level 3.2 Shields


You had 3 spell levels left.
You didn't know any spells.
Your spell library was empty.

Inventory:

Hand Weapons
 k - a +0 mace
 Y - a +1 war axe (weapon)
Armour
 c - a +0 buckler (worn)
 n - a +0 chain mail (worn)
Scrolls
 i - a scroll of identify
Potions
 a - a potion of lignification
 d - 2 potions of might
 e - a potion of heal wounds {unknown}
 f - a potion of mutation {unknown}
 g - a potion of brilliance {unknown}
 h - a potion of resistance {unknown}
 j - a potion of haste
 m - 2 potions of curing {unknown}
 o - a potion of attraction {unknown}
 p - a potion of magic {unknown}

Dungeon Overview and Level Annotations

Branches:
Dungeon (4/15)
 Temple: D:4-7

Altars:
Hepliaklqana
Kikubaaqudgha


Message History

The adder barely misses you.
You slash the adder!
You kill the adder!
You start resting.
HP restored.
You now have 143 gold pieces (gained 7).
Found a scale mail.
m - 2 smoky pink potions (gained 1)
Found a stone staircase leading up.
Enter note: A quokka comes into view.
Found a fizzy blue potion.
You closely miss the quokka. You block the quokka's attack.
The quokka bites you.
You slash the quokka!
You kill the quokka!
You start resting.
HP restored.
An ogre comes into view. It is wielding a +0 giant club.
The ogre shouts!
You hit the ogre but do no damage. You block the ogre's attack.
You hit the ogre.
The ogre is lightly wounded.
The ogre hits you with a +0 giant club!
Ouch! That really hurt!
A kobold comes into view. It is wielding a +0 club.
You barely miss the ogre.
The ogre is lightly wounded.
You block the ogre's attack.
You barely miss the ogre.
The ogre is lightly wounded.
The ogre hits you with a +0 giant club!
You barely miss the ogre.
The ogre is lightly wounded.
The ogre barely misses you.
You hit the ogre.
The ogre is lightly wounded.
The ogre hits you with a +0 giant club!
You die...

#.##########.###.# #.#
............#
#####.###.######.#####
...........# #.#
.###........# #.#
.###..#.#.#.# #.#
............# #.#
.###........## #.# .#
#.......... #@#
.###.......##. #O#
........[..... .K.
...................
.....#.....#####.#..
.##..####### #.....
.##..# ....!## .##..#
... .. .##...


You could see an ogre and a kobold.

Vanquished Creatures
  2 adders
  A worm (D:3)
  4 dart slugs
  4 ball pythons
  5 endoplasms
  A giant cockroach (D:1)
  7 goblins
  7 hobgoblins
  10 jackals
  5 quokkas
  4 bats
  13 frilled lizards
  7 kobolds
  7 rats
77 creatures vanquished.

Vanquished Creatures (others)
  16 plants
  3 withered plants (D:3)
19 creatures vanquished.

Grand Total: 96 creatures vanquished

Notes
Turn   | Place    | Note
-------+----------+-------------------------------------------
     0 | D:1      | qw the Gargoyle Fighter began the quest for the Orb.
     0 | D:1      | Reached XP level 1. HP: 14/14 MP: 1/1
     0 | D:1      | 0 ||| qw: Version: 0.2-a-17-g06abaee
     0 | D:1      | 0 ||| qw: Game counter: 2224
     0 | D:1      | 0 ||| qw: Always use a shield: true
     0 | D:1      | 0 ||| qw: God list: Okawaru
     0 | D:1      | 0 ||| qw: Allow faded altars: false
     0 | D:1      | 0 ||| qw: Do Orc after D:15 true
     0 | D:1      | 0 ||| qw: Do second Lair branch before Depths: true
     0 | D:1      | 0 ||| qw: Lair rune preference: random
     0 | D:1      | 0 ||| qw: Plans: Normal, Zot:1-4, God:TSO, Crypt, Tomb,
                  | Pan, Slime:5, Hells, Abyss, Orb
     0 | D:1      | 0 ||| PLANNING D:1-11
    16 | D:1      | 16 ||| Stepping ~*~*~tactically~*~*~ (stealth).
    25 | D:1      | Reached skill level 2 in Axes
    25 | D:1      | 25 ||| Stepping ~*~*~tactically~*~*~ (stealth).
    30 | D:1      | 30 ||| Stepping ~*~*~tactically~*~*~ (stealth).
    35 | D:1      | Reached XP level 2. HP: 19/19 MP: 2/2
   171 | D:1      | 171 ||| DROPPING +0 club.
   270 | D:1      | Reached skill level 3 in Axes
   307 | D:1      | 307 ||| Stepping ~*~*~tactically~*~*~ (hiding).
   309 | D:1      | 309 ||| Stepping ~*~*~tactically~*~*~ (hiding).
   318 | D:1      | Reached XP level 3. HP: 23/23 MP: 3/3
   482 | D:1      | Noticed a shining eye
   490 | D:1      | Found a faded altar of an unknown god.
   492 | D:1      | 492 ||| READING scroll labelled EHIEGICRYSOS.
   497 | D:1      | Noticed a great orb of eyes
   502 | D:1      | Noticed a floating eye
   514 | D:1      | Noticed a floating eye
   652 | D:1      | 652 ||| READING scroll labelled YRGHAGR WALATT.
   656 | D:1      | 656 ||| READING scroll labelled ZUSIDE LIREANG.
   729 | D:2      | 729 ||| Stepping ~*~*~tactically~*~*~ (stealth).
   773 | D:2      | 773 ||| Stepping ~*~*~tactically~*~*~ (stealth).
   785 | D:2      | 785 ||| Stepping ~*~*~tactically~*~*~ (stealth).
   818 | D:2      | 818 ||| Stepping ~*~*~tactically~*~*~ (stealth).
   902 | D:2      | Reached XP level 4. HP: 28/28 MP: 4/4
  1417 | D:2      | 1417 ||| READING scroll labelled UNWIFF JALADY.
  1418 | D:2      | 1418 ||| READING scroll labelled ODGHESHR TERIROCH.
  1419 | D:2      | 1419 ||| READING scroll labelled MIOLEKLIUL.
  1447 | D:3      | Reached skill level 4 in Axes
  1497 | D:3      | Found an ancient bone altar of Kikubaaqudgha.
  1536 | D:3      | 1536 ||| Stepping ~*~*~tactically~*~*~ (stealth).
  1538 | D:3      | 1538 ||| Stepping ~*~*~tactically~*~*~ (stealth).
  1540 | D:3      | 1540 ||| Stepping ~*~*~tactically~*~*~ (stealth).
  1549 | D:3      | 1549 ||| Stepping ~*~*~tactically~*~*~ (stealth).
  1563 | D:3      | 1563 ||| Stepping ~*~*~tactically~*~*~ (stealth).
  1565 | D:3      | 1565 ||| Stepping ~*~*~tactically~*~*~ (stealth).
  1568 | D:3      | 1568 ||| Stepping ~*~*~tactically~*~*~ (stealth).
  1577 | D:3      | 1577 ||| Stepping ~*~*~tactically~*~*~ (stealth).
  1581 | D:3      | 1581 ||| Stepping ~*~*~tactically~*~*~ (stealth).
  1594 | D:3      | 1594 ||| Stepping ~*~*~tactically~*~*~ (stealth).
  1735 | D:3      | 1735 ||| Stepping ~*~*~tactically~*~*~ (stealth).
  1736 | D:3      | 1736 ||| Stepping ~*~*~tactically~*~*~ (stealth).
  2317 | D:3      | Found a hazy altar of Hepliaklqana.
  2392 | D:3      | 2392 ||| UPGRADING to +0 chain mail.
  2402 | D:3      | 2402 ||| DROPPING +0 scale mail.
  2403 | D:3      | 2403 ||| DRINKING 2 grey potions.
  2404 | D:3      | 2404 ||| DRINKING 2 lumpy coppery potions.
  2505 | D:3      | 2505 ||| READING 2 scrolls of identify.
  2505 | D:3      | 2505 ||| IDENTIFYING viscous purple potion
  2506 | D:3      | 2506 ||| DROPPING potion of ambrosia.
  2621 | D:4      | Noticed an ogre
  2627 | D:4      | HP: 5/28 [ogre/+0 giant club (7)]
  2629 | D:4      | Slain by an ogre

Levels and vault maps discovered:
D:1:      wander_arrival_lonely_grave, layout_rooms,
          hellmonk_ecumenical_altar_watching_god
D:2:      layout_loops_ring, serial_bayou_lake_a
D:3:      layout_loops_ring, nicolae_hepliaklqana_hippocampus,
          kiku_gazebo_garden_becter, minmay_lizard_king
D:4:      layout_basic, minmay_crystal_room, minmay_misc_feat_ornament,
          nicolae_titane, uniq_crazy_yiuf_cottage, uniq_duvessa, uniq_ijyb,
          uniq_blork_the_orc

Skill      XL: |  1  2  3  4 |
---------------+-------------+-----
Axes           | 2 3 4 |  4.5
Fighting       | |  3.2
Armour         | |  3.2
Shields        | |  3.2

Action                   |  1- 3 |  4- 6 || total
-------------------------+-------+-------++-------
Melee: War axe           |   109 |   116 ||   225
  Use: Scroll            |     3 |     4 ||     7
       Potion            |       |     2 ||     2
Armor: Scale mail        |    75 |    33 ||   108
       Chain mail        |       |     8 ||     8
Dodge: Dodged            |    45 |    43 ||    88
Block: Buckler           |    30 |    22 ||    52

Table legend:
 A = Non-vault XP
 B = Vault XP
 C = Vault XP percentage of total XP
 D = Non-vault monster count
 E = Vault monster count
 F = Vault count percentage of total count
                 A         B        C        D         E       F
            +---------+---------+-------+---------+---------+-------
      Total |     150 |      10 |   6.2 |      67 |      10 |  13.0
            +---------+---------+-------+---------+---------+-------
        D:1 |      40 |       0 |   0.0 |      22 |       0 |   0.0
        D:2 |      57 |       0 |   0.0 |      25 |       0 |   0.0
        D:3 |      37 |      10 |  21.3 |      18 |      10 |  35.7
        D:4 |      16 |       0 |   0.0 |       2 |       0 |   0.0
            +---------+---------+-------+---------+---------+-------
